 Dungeon Crawl Stone Soup version 0.30-b1-2-g02819fbbbe (webtiles) character file.

Game seed: 17317696916031878395

114 snakesoul the Shooter (level 4, 0/35 HPs)
             Began as a Demonspawn Hunter on May 30, 2023.
             Slain by an orc wizard
             ... wielding a +0 dagger
              (1 damage)
             ... on level 4 of the Dungeon.
             The game lasted 00:03:45 (2463 turns).

snakesoul the Shooter (Demonspawn Hunter)           Turns: 2463, Time: 00:03:46

Health: 0/35       AC: 11    Str: 11    XL:     4   Next: 67%
Magic:  4/4        EV: 12    Int: 10    God:
Gold:   85         SH:  4    Dex: 19    Spells: 3/3 levels left

rFire   . . .        a - +0 shortbow
rCold   . . .        (shield currently unavailable)
rNeg    . . .        c - +0 leather armour
rPois   .            (no helmet)
rElec   .            n - +0 cloak
rCorr   .            (no gloves)
SInv    .            t - +0 pair of boots
Will    .....        (no amulet)
Stlth   ++           (no ring)
HPRegen 0.25/turn    (no ring)
MPRegen 0.09/turn

%: no passive effects
@: no status effects
A: molten scales 1, icemail 1, condensation shield
a: no special abilities


You were on level 4 of the Dungeon.
You visited 1 branch of the dungeon, and saw 4 of its levels.

You collected 85 gold pieces.

Inventory:

Hand Weapons
 a - a +0 shortbow (weapon)
 b - a +0 flail
Missiles
 r - 2 throwing nets
Armour
 c - a +0 leather armour (worn)
 n - a +0 cloak (worn)
 t - a +0 pair of boots (worn)
Jewellery
 g - a +6 ring of strength
Scrolls
 f - a scroll of immolation
 h - a scroll of fear {unknown}
 i - 4 scrolls of teleportation {unknown}
 j - a scroll of silence {unknown}
 l - a scroll of identify {unknown}
 o - 2 scrolls of torment {unknown}
 s - a scroll of enchant weapon {unknown}
Potions
 d - 3 potions of attraction {unknown}
 e - a potion of brilliance {unknown}
 k - a potion of heal wounds {unknown}
 m - a potion of might {unknown}
 p - 2 potions of curing {unknown}
 q - a potion of flight {unknown}


   Skills:
 + Level 3.0 Fighting
 * Level 4.7 Ranged Weapons
 + Level 2.7 Dodging
 - Level 0.8 Stealth


You had 3 spell levels left.
You didn't know any spells.
Your spell library contained the following spells:

 Spells                   Type           Power      Damage    Failure   Level
 Static Discharge         Conj/Air       0%         2-2/arc   58%         2
 Airstrike                Air            0%         2d(0-16)  99%         4
 Summon Lightning Spire   Summ/Air       0%         N/A       99%         4


Dungeon Overview and Level Annotations

Branches:
Dungeon (4/15)
 Temple: D:4-7

Altars:


Innate Abilities, Weirdness & Mutations

You are partially covered in molten scales. (AC +2)
A meltable icy envelope protects you from harm. (AC +4)
A meltable shield of frost defends you. (SH +4)


Message History

The orc priest is moderately wounded.
You block the orc priest's attack.
The orc priest hits you but does no damage.
Fire: a) +0 shortbow
Press: ? - help, Q - select action, (/) - cycle Shift-Dir - straight line, f/p - orc priest
Aim: an orc priest, wielding a +4 short sword of electrocution (moderately wounded, 64% to hit)
You shoot an arrow.
The arrow completely misses the orc priest.
You hear some strange, mumbled words.
You are confused.
The orc priest closely misses you.
Non-targeted confused fire: a) +0 shortbow
Press: ? - help, Q - select action, (/) - cycle Dir - look around, f - activate You shoot an arrow.
The orc priest hits you with a +4 short sword of electrocution.
* * * LOW HITPOINT WARNING * * *
Unknown command.
You closely miss the orc priest.
The orc priest is moderately wounded.
Something hits you.
* * * LOW HITPOINT WARNING * * *
The orc priest hits you with a +4 short sword of electrocution.
* * * LOW HITPOINT WARNING * * *
Something hits you.
* * * LOW HITPOINT WARNING * * *
The orc priest barely misses you.
Unknown command.
Unknown command.
Unknown command.
You miss the orc.
You hear some strange, mumbled words.
Something tries to affect you, but you resist.
The orc priest begins to cast a cantrip, but forgets the words!
The orc closely misses you.
You miss something.
You feel less confused.
The orc priest hits you with a +4 short sword of electrocution.
* * * LOW HITPOINT WARNING * * *
Something hits you.
You die...

#......#.#######.
.#......'.........
........##########
.................
........#........
........#.#######
........#.#
........#.#
........>@#
........o.o.)....
..........######
#........#
....#.....
....#..#.## ...
#.. .# .. +.. .#


You could see an orc priest and an orc.

Vanquished Creatures
  An orc wizard (D:4)
  2 adders (D:3)
  3 endoplasms
  2 giant cockroaches (D:3)
  4 goblins
  2 hobgoblins (D:2)
  6 jackals (D:1)
  3 quokkas
  5 ball pythons
  A bat (D:2)
  5 frilled lizards
  11 kobolds
  6 rats
51 creatures vanquished.

Vanquished Creatures (others)
  An orc wizard (D:4)
1 creature vanquished.

Grand Total: 52 creatures vanquished

Notes
Turn   | Place    | Note
-------+----------+-------------------------------------------
     0 | D:1      | snakesoul the Demonspawn Hunter began the quest for the
                  | Orb.
     0 | D:1      | Reached XP level 1. HP: 16/16 MP: 1/1
    91 | D:1      | Gained mutation: You are partially covered in molten
                  | scales. (AC +2) [demonic ancestry]
    91 | D:1      | Reached XP level 2. HP: 3/22 MP: 2/2
   343 | D:1      | Reached skill level 4 in Ranged Weapons
   858 | D:2      | Gained mutation: A meltable shield of frost defends you.
                  | (SH +4) [demonic ancestry]
   858 | D:2      | Reached XP level 3. HP: 28/28 MP: 3/3
  2371 | D:3      | Gained mutation: A meltable icy envelope protects you from
                  | harm. (AC +4) [demonic ancestry]
  2371 | D:3      | Reached XP level 4. HP: 34/34 MP: 4/4
  2463 | D:4      | HP: 1/35 [orc priest/+4 short sword of electrocution (3)]
  2463 | D:4      | Slain by an orc wizard

Illustrated notes

Levels and vault maps discovered:
D:1:      wheals_arrival_linesprint, layout_basic
D:2:      layout_basic
D:3:      minmay_door_path, layout_basic, st_stairs_4,
          minmay_misc_feat_four_crosses, reono_crystal_passage,
          minmay_misc_feat_iff, minivault_11, corexii_item_surrounded_by_moat
D:4:      layout_basic

Skill      XL: |  1  2  3  4 |
---------------+-------------+-----
Dodging        | 2 |  2.7
Ranged Weapons | 4 |  4.7
Fighting       | 3 |  3.0
Stealth        | |  0.8

Action                     |  1- 3 |  4- 6 || total
---------------------------+-------+-------++-------
  Melee: Shortbow          |       |     3 ||     3
   Fire: Shortbow          |   139 |    14 ||   153
 Armour: Leather armour    |    25 |     1 ||    26
  Dodge: Dodged            |    43 |     3 ||    46
  Block: Other             |     3 |     1 ||     4
